 Dungeon Crawl Stone Soup version 0.30-a0-627-gc11e7ae810 (webtiles) character file.

Game seed: 18291792368263597261

1164 Citaku the Protected (level 8, -1/70 HPs)
             Began as a Minotaur Fighter on Jan 12, 2023.
             Killed from afar by an electric eel (6 damage)
             ... with a bolt of electricity
             ... on level 6 of the Dungeon.
             The game lasted 00:08:32 (5089 turns).

Citaku the Protected (Minotaur Fighter)             Turns: 5089, Time: 00:08:32

Health: -1/70      AC:  8    Str: 24    XL:     8   Next: 17%
Magic:  7/7        EV:  9    Int:  5    God:
Gold:   163        SH:  4    Dex:  9    Spells: 7/7 levels left

rFire   . . .      SeeInvis .    a - +0 war axe
rCold   . . .      Faith    .    c - +0 buckler
rNeg    . . .      Spirit   .    b - +0 scale mail
rPois   +          Reflect  .    (helmet restricted)
rElec   .          Harm     .    (no cloak)
rCorr   .          Rampage  .    (no gloves)
Will    .....                    (no boots) Stlth
                                 (no amulet)
HPRegen 0.31/turn                k - +4 ring of slaying
MPRegen 0.10/turn                m - ring of poison resistance

@: studying Armour, very slow
A: horns 2, retaliatory headbutt
a: no special abilities


You were on level 6 of the Dungeon.
You visited 2 branches of the dungeon, and saw 7 of its levels.

You collected 352 gold pieces.
You spent 189 gold pieces at shops.

Inventory:

Hand Weapons
 a - a +0 war axe (weapon)
Armour
 b - a +0 scale mail (worn)
 c - a +0 buckler (worn)
Jewellery
 k - a +4 ring of slaying (left hand)
 m - a ring of poison resistance (right hand)
Scrolls
 d - a scroll of enchant weapon
 e - 4 scrolls of blinking
 g - 2 scrolls of noise
 n - 2 scrolls of torment
 o - 2 scrolls of fog
 p - a scroll of fear
 q - 3 scrolls of teleportation
 r - a scroll of amnesia
 s - a scroll of magic mapping
 x - 2 scrolls of enchant armour
Potions
 f - 3 potions of magic {unknown}
 h - a potion of flight {unknown}
 i - 3 potions of lignification {unknown}
 j - a potion of haste {unknown}
 l - 6 potions of heal wounds {unknown}
 t - a potion of curing {unknown}
 u - a potion of cancellation {unknown}
 v - a potion of attraction {unknown}


   Skills:
 + Level 6.2 Fighting
 * Level 7.8 Axes
 * Level 8.6 Armour
 - Level 3.6 Shields


You had 7 spell levels left.
You didn't know any spells.
Your spell library contained the following spells:

 Spells                   Type           Power      Damage    Failure   Level
 Beastly Appendage        Tmut           0%         N/A       83%         1
 Magic Dart               Conj           0%         1d3       83%         1
 Call Imp                 Summ           0%         N/A       92%         2
 Ensorcelled Hibernation  Hex/Ice        0%         N/A       92%         2
 Wereblood                Tmut           0%         N/A       92%         2
 Mephitic Cloud           Conj/Pois/Air  0%         N/A       99%         3
 Spider Form              Tmut/Pois      0%         N/A       99%         3
 Anguish                  Hex/Necr       0%         N/A       100%        4
 Alistair's Intoxication  Tmut/Pois      0%         N/A       100%        5
 Borgnjor's Vile Clutch   Necr/Erth      0%         N/A       100%        5
 Eringya's Noxious Bog    Tmut/Pois      0%         N/A       100%        6


Dungeon Overview and Level Annotations

Branches:
Dungeon (6/15)             Temple (1/1) D:6

Altars:
Ashenzari
Dithmenos
Elyvilon
Hepliaklqana
Kikubaaqudgha
Makhleb
Nemelex Xobeh
Okawaru
Qazlal
Ru
Trog
Uskayaw
Vehumet
Xom
Zin
The Shining One

Shops:
D:6 ?


Innate Abilities, Weirdness & Mutations

You have a pair of horns on your head.
You reflexively headbutt those who attack you in melee.


Message History

An electric eel comes into view.
The electric eel moves out of view.
You enter the shallow water.
Moving in this stuff is going to be slow.
The electric eel shoots out a bolt of lightning at you!
The bolt of electricity hits you! x2
You closely miss the electric eel.
Your unstable footing causes you to fumble your attack.
The electric eel shoots out a bolt of lightning at you!
The bolt of electricity hits you! x2
The bolt of electricity hits the electric eel.
The electric eel completely resists.
The electric eel shoots out a bolt of lightning at you!
The bolt of electricity hits you! x2
* * * LOW HITPOINT WARNING * * *
The bolt of electricity hits the electric eel.
The electric eel completely resists.
The electric eel shoots out a bolt of lightning at you!
The bolt of electricity misses you.
The bolt of electricity hits the plant!
The plant begins to die.
The electric eel shoots out a bolt of lightning at you!
The bolt of electricity hits you!
* * * LOW HITPOINT WARNING * * *
The bolt of electricity hits the plant!
Unknown command.
Unknown command.
Okay, then.
As you read the scroll of fear, it crumbles to dust.
You assume a fearsome visage.
The electric eel looks frightened!
An electric eel comes into view.
Okay, then.
As you read the scroll of fear, it crumbles to dust.
You assume a fearsome visage.
The electric eel looks frightened!
You enter the shallow water.
Moving in this stuff is going to be slow.
Cornered, the electric eel turns to fight!
A nearby plant withers and dies.
The electric eel shoots out a bolt of lightning at you!
The bolt of electricity hits you.
You die...

~~~≈~~~####'#####
.~~≈≈≈~~~##..# ...#
P.~~≈≈≈~###''## ~~.P#
##≈≈≈~~###....# ~PP.#
~≈≈~~~~# #....# ~....#
≈≈≈~~~## #....# ~....#
≈≈~~######....######~..PP#
≈≈~~~~~~#.####.#~~~~..P.#
~~≈~~)~~~## ##S@~~....#
~≈~~~~~### ###~...P##
######## #######


You could see an electric eel.

Vanquished Creatures
  Menkaure (D:4)
  2 ice beasts (D:5)
  The ghost of Opifex the Trooper, an amateur DsFi (D:4)
  A centaur (D:6)
  A necrophage (D:5)
  2 scorpions
  2 jellies
  2 hounds
  Natasha (D:2)
  3 iguanas
  2 orc wizards (D:5)
  A mummy (D:5)
  5 gnolls
  5 adders
  A white imp (D:5)
  An ufetubus (D:5)
  A worm (D:3)
  2 dart slugs
  18 orcs
  2 bats (D:2)
  7 endoplasms
  A giant cockroach (D:1)
  7 goblins
  3 hobgoblins
  7 jackals
  5 kobolds
  4 quokkas
  13 ball pythons
  7 frilled lizards
  3 hobgoblin zombies (D:5)
  An orc zombie (D:5)
  8 rats
120 creatures vanquished.

Vanquished Creatures (others)
  5 plants (D:6)
5 creatures vanquished.

Grand Total: 125 creatures vanquished

Notes
Turn   | Place    | Note
-------+----------+-------------------------------------------
     0 | D:1      | Citaku the Minotaur Fighter began the quest for the Orb.
     0 | D:1      | Reached XP level 1. HP: 19/19 MP: 0/0
    60 | D:1      | Reached skill level 4 in Armour
    60 | D:1      | Reached XP level 2. HP: 20/27 MP: 1/1
   642 | D:1      | Reached XP level 3. HP: 33/33 MP: 2/2
  1570 | D:2      | Noticed Natasha
  1579 | D:2      | Killed Natasha
  1580 | D:2      | Reached XP level 4. HP: 15/40 MP: 3/3
  1813 | D:3      | Found a stormy altar of Qazlal.
  2015 | D:3      | Reached skill level 5 in Armour
  2022 | D:3      | Reached XP level 5. HP: 42/47 MP: 4/4
  2088 | D:3      | Found a hazy altar of Hepliaklqana.
  2511 | D:3      | Found a glowing silver altar of Zin.
  2984 | D:4      | Noticed Menkaure
  2988 | D:4      | Killed Menkaure
  2989 | D:4      | Reached skill level 5 in Axes
  2989 | D:4      | Reached skill level 6 in Armour
  2989 | D:4      | Reached XP level 6. HP: 32/55 MP: 5/5
  3183 | D:4      | Found a sparkling altar of Nemelex Xobeh.
  3201 | D:4      | Found a runed translucent door.
  3215 | D:4      | Noticed Opifex's ghost (amateur DsFi)
  3221 | D:4      | Reached skill level 5 in Fighting
  3222 | D:4      | Killed Opifex's ghost
  3246 | D:4      | Found a bloodstained altar of Trog.
  3477 | D:5      | Entered Level 5 of the Dungeon
  3553 | D:5      | Reached XP level 7. HP: 47/61 MP: 6/6
  3711 | D:5      | Reached skill level 7 in Armour
  4111 | D:5      | Noticed a +0 hand axe
  4113 | D:5      | Noticed a +0 dagger
  4122 | D:5      | Found a hide-covered altar of Uskayaw.
  4257 | D:5      | Identified the +7 whip of Disgust {drain, Drain rElec rC+++
                  | rCorr}
  4366 | D:6      | Found Zahiugav's Magic Scroll Boutique.
  4375 | D:6      | Bought a scroll of enchant armour for 105 gold pieces
  4375 | D:6      | Bought a scroll of identify for 28 gold pieces
  4375 | D:6      | Bought a scroll of identify for 28 gold pieces
  4375 | D:6      | Bought a scroll of identify for 28 gold pieces
  4385 | D:6      | Identified a scroll of acquirement
  4385 | D:6      | Acquired a manual of Armour
  4399 | D:6      | Found a broken altar of Ashenzari.
  4532 | D:6      | Found an iron altar of Okawaru.
  4636 | D:6      | Found a staircase to the Ecumenical Temple.
  4663 | Temple   | Entered the Ecumenical Temple
  4751 | D:6      | Reached skill level 8 in Armour
  4751 | D:6      | Reached XP level 8. HP: 60/70 MP: 7/7
  5084 | D:6      | HP: 3/70 [electric eel/bolt of electricity (10)]
  5089 | D:6      | Killed from afar by an electric eel

Illustrated notes

Levels and vault maps discovered:
D:1:      spicycebolla_arrival_xxxplode, layout_basic, nrook_uturn, st_stairs_12
D:2:      layout_basic, uniq_natasha
D:3:      layout_basic, nicolae_qazlal_scattered_showers, zin_treasury,
          nzn_hepliaklqana_mist_gate
D:4:      layout_rooms, nemelex_diamond_rough_becter,
          mainiacjoe_overflow_alcove_2, serial_forest, infiniplex_forest_end_2,
          infiniplex_forest_clump_cross, infiniplex_forest_straight_3,
          infiniplex_forest_zigzag_2, infiniplex_forest_end_2,
          infiniplex_forest_end_2, infiniplex_forest_lined_3_way,
          infiniplex_forest_corner_2, ebering_ghost_sewer_d, uniq_menkaure
D:5:      layout_cave_pools, dancing_weapons_uskayaw, minmay_mini_ossuary
D:6:      wad_lake_hut, layout_loops_ring, ashenzari_conservatory_becter,
          okawaru_gym_becter, minmay_temple_entry_mini_moons, serial_shops, shop
Temple:   hellmonk_temple_of_storms

Skill      XL: |  1  2  3  4  5  6  7 |
---------------+----------------------+-----
Armour         | 4 5 6 8 |  8.6
Axes           | 3 4 5 6 7 |  7.8
Fighting       | 4 5 6 |  6.2
Shields        | |  3.6

Action                   |  1- 3 |  4- 6 |  7- 9 || total
-------------------------+-------+-------+-------++-------
Melee: War axe           |    69 |    90 |    53 ||   212
       Headbutt          |     8 |     9 |    12 ||    29
  Use: Potion            |       |     1 |     1 ||     2
       Scroll            |       |       |    14 ||    14
Armor: Scale mail        |    34 |    41 |    26 ||   101
Dodge: Dodged            |    42 |    42 |    28 ||   112
Block: Buckler           |    15 |    29 |    10 ||    54

Table legend: (Time is in decaauts)
 A = Elapsed time spent in this place.
 B = Non-inter-level travel time spent in this place.
 C = Inter-level travel time spent in this place.
 D = Time resting spent in this place.
 E = Time spent auto-exploring this place.
 F = Levels seen in this place.
 G = Mean time per level.
                   A        B        C        D        E       F      G
               +--------+--------+--------+--------+--------+-----+--------+
         Total |   5197 |   5086 |    111 |    309 |   3689 |   7 |  742.4 |
       Dungeon |   5148 |   5037 |    111 |    309 |   3664 |   6 |  858.0 |
        Temple |     48 |     48 |      0 |      0 |     25 |   1 |   48.0 |
               +--------+--------+--------+--------+--------+-----+--------+

Top non-repeatable levels by time:
     D:2: 1005 daAuts
     D:5: 881 daAuts
     D:4: 850 daAuts
     D:3: 841 daAuts
     D:1: 832 daAuts
     D:6: 736 daAuts
  Temple: 48 daAuts
